 Dungeon Crawl Stone Soup version 0.30-a0-269-gf0224bf7b6 (webtiles) character file.

Game seed: 6129751495145220988

7 bande the Covered (level 2, -6/19 HPs)
             Began as a Gargoyle Fighter on Oct 14, 2022.
             Mangled by a goblin
             ... wielding a +1 dagger of distortion
              (17 damage)
             ... on level 1 of the Dungeon.
             The game lasted 00:00:19 (138 turns).

bande the Covered (Gargoyle Fighter)                 Turns: 138, Time: 00:00:20

Health: -6/19      AC:  9    Str: 19    XL:     2   Next: 0%
Magic:  2/2        EV:  9    Int:  8    God:
Gold:   19         SH:  4    Dex:  9    Spells: 1/1 levels left

rFire   . . .      SeeInvis .    a - +0 war axe
rCold   . . .      Faith    .    c - +0 buckler
rNeg    + . .      Spirit   .    b - +0 scale mail
rPois   ∞          Reflect  .    (no helmet)
rElec   +          Harm     .    (no cloak)
rCorr   .          Rampage  .    (no gloves)
Will    .....                    (no boots)
Stlth   ..........               (no amulet)
HPRegen 0.23/turn                (no ring)
MPRegen 0.08/turn                (no ring)

@: no status effects
A: sickness immunity, AC +2, negative energy resistance 1, electricity
resistance, torment resistance 1, petrification resistance
a: no special abilities


You were on level 1 of the Dungeon.
You visited 1 branch of the dungeon, and saw 1 of its levels.

You collected 19 gold pieces.

Inventory:

Hand Weapons
 a - a +0 war axe (weapon)
Armour
 b - a +0 scale mail (worn)
 c - a +0 buckler (worn)
Potions
 d - a potion of might
 e - a potion of magic {unknown}
 f - a potion of brilliance {unknown}
 g - a potion of heal wounds {unknown}
 h - 2 potions of resistance {unknown}


   Skills:
 + Level 3.4 Fighting
 + Level 1.8 Axes
 + Level 3.4 Armour
 + Level 3.4 Shields


You had one spell level left.
You didn't know any spells.
Your spell library was empty.

Dungeon Overview and Level Annotations

Branches:
Dungeon (1/15)

Altars:


Innate Abilities, Weirdness & Mutations

You are immune to sickness and miasma.
Your stone body is resilient. (AC +2)
You are immune to poison.
You resist negative energy. (rN+)
You are resistant to electric shocks. (rElec)
You are resistant to unholy torment.
You are immune to petrification.


Message History

A ball python comes into view.
You barely miss the hobgoblin.
The ball python hisses angrily.
The hobgoblin completely misses you. The hobgoblin barely misses you.
You slash the hobgoblin!
You kill the hobgoblin!
Found 15 gold pieces.
The ball python bites you. The ball python closely misses you.
You hit the ball python but do no damage.
The ball python barely misses you. The ball python grabs you.
The ball python constricts you. You block the ball python's attack.
The ball python constricts you.
You slash the ball python!
You kill the ball python!
No target in view!
No target in view!
No target in view!
No target in view!
No target in view!
No target in view!
HP restored.
You see here a hobgoblin corpse.
A bat comes into view.
A bat is nearby!
A goblin comes into view.
It is wielding a +1 dagger of distortion.
The goblin shouts!
The bat completely misses you.
You hit the bat.
You kill the bat!
You have reached level 2!
You see here a bat corpse.
The goblin hits you with a +1 dagger of distortion.
Space warps around you.
You see here 15 gold pieces.
You hit the goblin but do no damage. The goblin closely misses you.
You closely miss the goblin.
The goblin hits you with a +1 dagger of distortion.
Space warps horribly around you!
Ouch! That really hurt!
You die...

#.............#..#.#
#.............#..#.#
#+...........##....#
##.........###.####
##.......####.#
##.....##.##.#
###.#+##.##.#
...##.#.##.##.#
......g@†..##.####
..#######...†.)..#
##.###†#.# #.# .# #
#.# .# #.# .# #.# ..
#.# #. #.. #


You could see a goblin.

Vanquished Creatures
  A ball python (D:1)
  A goblin (D:1)
  2 hobgoblins (D:1)
  A bat (D:1)
  A kobold (D:1)
6 creatures vanquished.

Notes
Turn   | Place    | Note
-------+----------+-------------------------------------------
     0 | D:1      | bande the Gargoyle Fighter began the quest for the Orb.
     0 | D:1      | Reached XP level 1. HP: 14/14 MP: 1/1
   135 | D:1      | Reached XP level 2. HP: 19/19 MP: 2/2
   138 | D:1      | Mangled by a goblin

Illustrated notes

Levels and vault maps discovered:
D:1:      lemuel_arrival_rhombus, layout_loops_ring, serial_bayou_crossing

Action                   || total
-------------------------++-------
Melee: War axe           ||    18
Armor: Scale mail        ||     1
Dodge: Dodged            ||    15
Block: Buckler           ||     3

Table legend: (Time is in decaauts)
 A = Elapsed time spent in this place.
 B = Non-inter-level travel time spent in this place.
 C = Inter-level travel time spent in this place.
 D = Time resting spent in this place.
 E = Time spent auto-exploring this place.
 F = Levels seen in this place.
 G = Mean time per level.
                   A        B        C        D        E       F      G
               +--------+--------+--------+--------+--------+-----+--------+
         Total |    150 |    150 |      0 |      0 |    107 |   1 |  150.0 |
       Dungeon |    150 |    150 |      0 |      0 |    107 |   1 |  150.0 |
               +--------+--------+--------+--------+--------+-----+--------+

Top non-repeatable levels by time:
     D:1: 150 daAuts
